 Dungeon Crawl Stone Soup version 0.29-a0-557-g43b9904bd1 (webtiles) character file.

Game seed: 12553696005067846769

6001 kae the Arsonist (level 10, 0/69 HPs)
             Began as a Demigod Fire Elementalist on June 8, 2022.
             Slain by Grum
             ... wielding a -1 spear of flaming
              (1 damage)
             ... on level 9 of the Dungeon.
             The game lasted 00:08:27 (14509 turns).

kae the Arsonist (Demigod Fire Elementalist)       Turns: 14509, Time: 00:08:27

Health: 0/69       AC: 10    Str:  9    XL:     10   Next: 30%
Magic:  10/23      EV: 10    Int: 29    God:
Gold:   509        SH:  7    Dex: 14    Spells: 8/21 levels left

rFire   + . .      SeeInvis .   e - staff of fire
rCold   + . .      Faith    .   t - +0 kite shield
rNeg    . . .      Spirit   .   B - +0 steam dragon scales
rPois   .          Reflect  .   o - +2 hat
rElec   .          Harm     .   (no cloak)
rCorr   .          Rampage  .   c - +2 pair of gloves
Will    +....                   (no boots)
Stlth   ++........              (no amulet)
HPRegen 0.21/turn               f - ring of wizardry
MPRegen 0.18/turn               l - ring of protection from cold

@: no status effects
A: high MP 1, forlorn, divine attributes
a: no special abilities


You were on level 9 of the Dungeon.
You visited 1 branch of the dungeon, and saw 9 of its levels.
You also visited: Sewer.

You collected 677 gold pieces.
You spent 168 gold pieces at shops.

Inventory:

Missiles
 k - a throwing net (quivered)
Armour
 a - a +1 robe
 c - a +2 pair of gloves (worn)
 o - a +2 hat (worn)
 t - a +0 kite shield (worn)
 B - +0 steam dragon scales (worn)
Magical Staves
 e - a staff of fire (weapon)
Jewellery
 f - a ring of wizardry (left hand)
 l - a ring of protection from cold (right hand)
 D - a ring of willpower
Wands
 h - a wand of charming (7)
 y - a wand of flame (17)
 A - a wand of mindburst (13)
 C - a wand of paralysis (6)
Scrolls
 d - 2 scrolls of immolation
 i - 3 scrolls of vulnerability
 m - 2 scrolls of magic mapping
 u - 3 scrolls of teleportation
 x - a scroll of enchant armour
Potions
 b - a potion of magic
 g - 3 potions of haste
 j - a potion of lignification
 n - 2 potions of mutation
 p - 7 potions of flight
 r - 4 potions of curing
 s - a potion of cancellation {unknown}
 v - 2 potions of ambrosia {unknown}
 w - a potion of resistance
 z - 3 potions of might
 E - a potion of invisibility


   Skills:
 - Level 1.7 Dodging
 - Level 1.7 Stealth
 + Level 6.2 Spellcasting
 * Level 9.4 Conjurations
 * Level 9.7 Fire Magic


You had 8 spell levels left.
You knew the following spells:

 Your Spells              Type           Power      Damage    Failure   Level
a - Foxfire               Conj/Fire      100%       2x1d9     1%          1
b - Scorch                Fire           100%       2d10      1%          2
c - Conjure Flame         Conj/Fire      77%        6-21      1%          3
d - Inner Flame           Hex/Fire       54%        N/A       3%          3
e - Flame Wave            Conj/Fire      77%        2d14      1%          4

Your spell library contained the following spells:

 Spells                   Type           Power      Damage    Failure   Level
 Cause Fear               Hex            4%         N/A       58%         4
 Dragon Form              Tmut           4%         N/A       100%        7
 Dragon's Call            Summ           4%         N/A       100%        9


Dungeon Overview and Level Annotations

Branches:
Dungeon (9/15)             Temple (0/1) D:4            Lair (0/6) D:8
  Sewer (visited)
    Orc: D:9-12

Shops:
D:9 !

Annotations:
D:4 exclusion: upstairs
D:5 1 transporter, QuickerDeath's ghost, novice MeEE
D:7 2 transporters, dezertu's ghost, amateur TrFi
D:9 Grum


Innate Abilities, Weirdness & Mutations

You have an increased reservoir of magic. (+10% MP)
You shall have no god before yourself.
Your divine heritage dramatically boosts your attributes as you level up.


Message History

The flame wave engulfs the wolf!
The wolf is almost dead.
The flame wave engulfs Grum.
Grum is lightly wounded.
The wolf bites you. Grum hits you but does no damage.
A wave of flame ripples out!
The flame wave engulfs the wolf!
You kill the wolf!
The flame wave engulfs Grum!
Grum is moderately wounded.
You finish channelling waves of flame.
Grum hits you from afar with a -1 spear of flaming!
* * * LOW HITPOINT WARNING * * *
Casting: Flame Wave (dangerous; 1% risk of failure)
Confirm with . or Enter, or press ? or * to list all spells.
You feel a surge of power!
Flames lash Grum.
Grum is heavily wounded.
Grum's fire resistance burns away.
You block Grum's attack.
Grum hits you from afar with a -1 spear of flaming!
* * * LOW HITPOINT WARNING * * *
Grum burns you.
* * * LOW HITPOINT WARNING * * *
Okay, then.
You feel much better.
Grum hits you from afar with a -1 spear of flaming!
* * * LOW HITPOINT WARNING * * *
Grum burns you.
* * * LOW HITPOINT WARNING * * *
Okay, then.
Okay, then.
Okay, then.
Okay, then.
Casting: Scorch (safe; 1% risk of failure)
Confirm with . or Enter, or press ? or * to list all spells.
You feel a surge of power!
Flames lash Grum.
Grum is burned terribly!
Grum is severely wounded.
Grum barely misses you.
Grum hits you from afar with a -1 spear of flaming!
* * * LOW HITPOINT WARNING * * *
Grum burns you.
You die...

..# #<# #.##
#.#######+##...
#.#...........#######
#+#...........+.....# .
#...........#.....# .
#...........#.....#
+##...........#'########
................@†......
.................†g.....
...###..................
...# #..##........###...
#..# #..##........# ..
#..###..##........# .
..................#
...................
###################


You could see Grum (combustible).

Vanquished Creatures
  Joseph (D:7)
  A hornet (D:9)
  A wyvern (D:7)
  5 yaks
  A steam dragon (D:8)
  An acid dragon (D:9)
  Edmund (D:5)
  2 water moccasins
  3 orc warriors
  2 black bears (D:5)
  An ice beast (D:8)
  2 sky beasts (D:7)
  6 ogres
  3 wolves (D:9)
  A centaur (D:9)
  2 phantoms
  3 kobold brigands
  A bullfrog (D:7)
  5 scorpions
  4 necrophages
  6 killer bees (D:9)
  2 howler monkeys (D:8)
  2 jellies (D:5)
  8 hounds
  5 orc priests
  A gnoll shaman (D:7)
  3 iguanas
  5 orc wizards
  16 adders
  5 gnolls (D:7)
  7 river rats
  A shadow imp (D:5)
  2 white imps
  2 ufetubi
  6 worms
  3 dart slugs
  26 orcs
  10 ball pythons
  8 endoplasms
  5 giant cockroaches
  5 hobgoblins
  3 jackals (Sewer)
  17 kobolds
  5 quokkas
  10 bats
  3 goblins
  3 rats
215 creatures vanquished.

Vanquished Creatures (others)
  A yak (D:6)
  609 foxfires
610 creatures vanquished.

Grand Total: 825 creatures vanquished

Notes
Turn   | Place    | Note
-------+----------+-------------------------------------------
     0 | D:1      | kae the Demigod Fire Elementalist began the quest for the
                  | Orb.
     0 | D:1      | Reached XP level 1. HP: 14/14 MP: 5/5
    92 | D:1      | Reached skill level 1 in Conjurations
   435 | D:1      | Reached XP level 2. HP: 17/20 MP: 1/7
  1370 | D:2      | Reached XP level 3. HP: 26/26 MP: 4/8
  2090 | D:3      | Noticed a necrophage
  2106 | D:3      | Killed a necrophage
  2107 | D:3      | Reached XP level 4. HP: 24/33 MP: 1/10
  2699 | D:3      | Learned a level 2 spell: Scorch
  2703 | D:3      | Learned a level 3 spell: Conjure Flame
  2885 | D:3      | Noticed an ogre
  2903 | D:3      | Killed an ogre
  2904 | D:3      | Reached XP level 5. HP: 38/38 MP: 2/11
  4154 | D:4      | Noticed an ogre
  4172 | D:4      | Killed an ogre
  4173 | D:4      | Reached XP level 6. HP: 18/45 MP: 3/13
  4266 | D:4      | Found a glowing drain.
  4322 | Sewer    | Entered a sewer
  4409 | Sewer    | Learned a level 3 spell: Inner Flame
  4734 | Sewer    | Reached skill level 5 in Fire Magic
  5322 | Sewer    | Identified a scroll of acquirement
  5322 | Sewer    | Acquired a staff of fire
  5842 | D:4      | Reached XP level 7. HP: 44/50 MP: 8/15
  6213 | D:4      | Found a staircase to the Ecumenical Temple.
  7042 | D:5      | Entered Level 5 of the Dungeon
  7118 | D:5      | Reached skill level 5 in Conjurations
  7765 | D:5      | Identified the +6 giant club "Loopy" {antimagic, Int+2
                  | Dex+4}
  7767 | D:5      | Found a transporter.
  7769 | D:5      | Noticed QuickerDeath's ghost (novice MeEE)
  8039 | D:5      | Reached XP level 8. HP: 57/57 MP: 10/17
  8095 | D:5      | Noticed Edmund
  8106 | D:5      | Killed Edmund
  9172 | D:6      | Learned a level 4 spell: Flame Wave
 10321 | D:6      | Reached XP level 9. HP: 28/62 MP: 7/20
 10525 | D:6      | Reached skill level 5 in Spellcasting
 11243 | D:7      | Noticed dezertu's ghost (amateur TrFi)
 11375 | D:7      | Found a transporter.
 11508 | D:7      | Found a transporter.
 12364 | D:7      | Noticed Joseph
 12378 | D:7      | Killed Joseph
 13101 | D:8      | Reached XP level 10. HP: 63/69 MP: 6/22
 13540 | D:8      | Found a staircase to the Lair.
 13903 | D:9      | Found Moybrelile's Distillery.
 13907 | D:9      | Bought a potion of might for 56 gold pieces
 13907 | D:9      | Bought a potion of invisibility for 112 gold pieces
 14496 | D:9      | Noticed Grum
 14506 | D:9      | HP: 3/69 [Grum/-1 spear of flaming (11)]
 14509 | D:9      | HP: 1/69 [Grum/-1 spear of flaming (9)]
 14509 | D:9      | Slain by Grum

Illustrated notes

Levels and vault maps discovered:
D:1:      shiori_arrival_elements, layout_basic, corner_web_ring,
          kennysheep_boxes
D:2:      layout_rooms, basic_altar, hangedman_feature_mirror, fountainhead
D:3:      layout_basic, nicolae_overflow_hidden_temple,
          ebering_ecumenical_altar_sacrificial
D:4:      layout_loops_corners, mainiacjoe_overflow_brackets, temple_statues,
          gup_sewer_entry_bubbles, roderic_serpentine_path
D:5:      layout_basic, gammafunk_ghost_smash,
          minmay_fractal_squares_diagonal_5, uniq_edmund
D:6:      layout_loops_ring, kennysheep_generic_room_14
D:7:      layout_basic, gammafunk_ghost_stat_death, chequers_mini_garden,
          uniq_joseph
D:8:      layout_cave_pods, kennysheep_mini_moat, nicolae_gozag_seed_capital,
          mainiacjoe_overflow_small_starburst, lair_entry_dummy
D:9:      layout_stronghold, serial_shops, nicolae_shop_hallway_stairs,
          hangedman_abyss_or_decor_passed, uniq_grum

Skill      XL: |  1  2  3  4  5  6  7  8  9 10 |
---------------+-------------------------------+-----
Conjurations   | 1 2 3 4 5 7 8 9 |  9.4
Fire Magic     | 3 4 5 6 7 9 |  9.7
Spellcasting   | 2 3 4 5 6 |  6.2
Dodging        | |  1.7
Stealth        | |  1.7

Action                   |  1- 3 |  4- 6 |  7- 9 | 10-12 || total
-------------------------+-------+-------+-------+-------++-------
Melee: Unarmed           |    17 |       |       |       ||    17
       Staff             |       |       |     5 |     1 ||     6
 Cast: Foxfire           |    82 |   113 |   139 |    21 ||   355
       Scorch            |       |    12 |   107 |    21 ||   140
       Conjure Flame     |       |     3 |     3 |     2 ||     8
       Flame Wave        |       |       |     5 |     4 ||     9
Evoke: Wand              |       |       |     4 |       ||     4
  Use: Scroll            |     4 |     3 |     5 |     1 ||    13
       Potion            |       |     3 |     1 |     1 ||     5
 Stab: Sleeping          |       |       |       |     1 ||     1
Armor: Robe              |    14 |    35 |    52 |     1 ||   102
       Steam dragon scal |       |       |       |    19 ||    19
Dodge: Dodged            |    23 |    53 |    73 |    24 ||   173
Block: Kite shield       |       |       |    62 |    26 ||    88

Table legend: (Time is in decaauts)
 A = Elapsed time spent in this place.
 B = Non-inter-level travel time spent in this place.
 C = Inter-level travel time spent in this place.
 D = Time resting spent in this place.
 E = Time spent auto-exploring this place.
 F = Levels seen in this place.
 G = Mean time per level.
                   A        B        C        D        E       F      G
               +--------+--------+--------+--------+--------+-----+--------+
         Total |  14706 |  14339 |    367 |    907 |  11522 |  10 | 1470.6 |
       Dungeon |  13471 |  13104 |    367 |    905 |  10513 |   9 | 1496.8 |
         Sewer |   1234 |   1234 |      0 |      2 |   1009 |   1 | 1234.0 |
               +--------+--------+--------+--------+--------+-----+--------+

Top non-repeatable levels by time:
     D:4: 2347 daAuts
     D:7: 2027 daAuts
     D:3: 1890 daAuts
     D:5: 1705 daAuts
     D:6: 1553 daAuts
   Sewer: 1234 daAuts
     D:2: 1182 daAuts
     D:1: 1055 daAuts
     D:8: 1029 daAuts
     D:9: 679 daAuts
